 Dungeon Crawl Stone Soup version 0.14.1-23-g35e4e54 (webtiles) character file.

133 Kae the Firebug (level 3, 0/19 HPs)
             Began as a Tengu Fire Elementalist on June 11, 2014.
             Succumbed to an adder's poison
             ... on Level 2 of the Dungeon.
             The game lasted 00:01:13 (1262 turns).

Kae the Firebug (Tengu Fire Elementalist)           Turns: 1262, Time: 00:01:14

HP   0/19        AC  3     Str  8      XL: 3   Next: 39%
MP   5/7         EV 12     Int 16      God:
Gold 96          SH  0     Dex 14      Spells:  1 memorised,  5 levels left

rFire  . . .     SeeInvis .     l - +0 short sword
rCold  . . .     Clarity  .     a - +0 robe
rNeg   . . .     Conserve .     (no shield)
rPois  .         rCorr    .     (helmet restricted)
rElec  .         rRot     .     n - +0 cloak
SustAb . .       Spirit   .     (no gloves)
rMut   .         Warding  .     (boots unavailable)
Saprov . . .     Stasis   .     (no amulet)
MR     .....                    (no ring)
                                (no ring)

@: lethally poisoned, very slightly contaminated, not resistant to hostile
enchantments, fairly stealthy
A: beak, talons 3
a: no special abilities


You were on level 2 of the Dungeon.
You were hungry.

You visited 1 branch of the dungeon, and saw 2 of its levels.

You collected 96 gold pieces.

Inventory:

Hand weapons
 l - a +0,+0 short sword (weapon)
Armour
 a - a +0 robe (worn)
 n - a +0 cloak (worn)
Comestibles
 c - a bread ration
Scrolls
 d - 2 scrolls of identify {unknown}
 f - a scroll of remove curse {unknown}
 i - a scroll of enchant weapon II {unknown}
 k - a scroll of fog {unknown}
 m - a scroll of recharging {unknown}
 o - a scroll of amnesia {unknown}
Jewellery
 e - an uncursed amulet of resist corrosion {unknown}
Potions
 g - 3 potions of heal wounds {unknown}
 h - a potion of flight {unknown}
 j - a potion of haste {unknown}
Books
 b - a book of Flames

   Spells                             Type                      Level
   *Flame Tongue                      Conjuration/Fire             1
   Throw Flame                        Conjuration/Fire             2
   Conjure Flame                      Conjuration/Fire             3
   Inner Flame                        Hexes/Fire                   3
   Sticky Flame                       Conjuration/Fire             4
   Fireball                           Conjuration/Fire             5


   Skills:
 - Level 2.1 Dodging
 - Level 2.0 Stealth
 + Level 2.4 Spellcasting
 * Level 2.4 Conjurations
 * Level 4.0 Fire Magic


You had 5 spell levels left.
You knew the following spells:

 Your Spells              Type           Power        Failure   Level  Hunger
a - Flame Tongue          Conj/Fire      ##...        8%          1    #......


Dungeon Overview and Level Annotations

Branches:
Dungeon (2/15)

Altars:


Innate Abilities, Weirdness & Mutations

You have a beak for a mouth.
You have claws for feet.


Message History

You are too injured to fight recklessly!
Casting: Flame Tongue
Confirm with . or Enter, or press ? or * to list all spells.
Aiming: Flame Tongue
Press: ? - help, Shift-Dir - straight line, f - hobgoblin
Aim: a hobgoblin (heavily wounded)
The flame tongue hits the hobgoblin.
The hobgoblin is severely wounded.
The adder barely misses you. The hobgoblin hits you.
* * * LOW HITPOINT WARNING * * *
The adder barely misses you.
Casting: Flame Tongue
Confirm with . or Enter, or press ? or * to list all spells.
Aiming: Flame Tongue
Press: ? - help, Shift-Dir - straight line, f/p - hobgoblin
Aim: a hobgoblin (severely wounded)
You miscast Flame Tongue.
You are very lightly contaminated with residual magic.
Nothing appears to happen.
You die...

#.... ####..... .
#........ .....
#.......## #.#...
#......>. .......
#.......# #.#.....
#.......# ##.#......
#...gS..###..........
#....@!...'..........
#........##..........
#........##..........#
#######..####.....####
#.(# #........#
#..####......#.#
#............#
#.#####......#
#.#####......###


You could see an adder and a hobgoblin.

Vanquished Creatures
  An adder (D:2)
  A giant cockroach (D:1)
  3 goblins
  4 hobgoblins
  3 jackals (D:2)
  4 kobolds
  5 bats
  2 giant newts (D:2)
  4 rats
27 creatures vanquished.

Notes
Turn   | Place    | Note
--------------------------------------------------------------
     0 | D:1      | Kae, the Tengu Fire Elementalist, began the quest for the Orb.
     0 | D:1      | Reached XP level 1. HP: 10/10 MP: 3/3
   526 | D:1      | Reached XP level 2. HP: 10/15 MP: 5/5
  1036 | D:2      | Reached XP level 3. HP: 19/19 MP: 7/7
  1194 | D:2      | Reached skill level 4 in Fire Magic
  1262 | D:2      | Succumbed to an adder's poison

Action                   || total
-------------------------++-------
Melee: Unarmed           ||    31
       Short sword       ||    16
 Cast: Flame Tongue      ||    21
 Stab: Sleeping          ||     1
